General information
- name: BNet
- type: Ladder team game (AT/RT)
- host: Battle.net
- saver: Spiceberg-Slim
map: GolemsInTheMist
- players: 8
- length: 25:56
- speed: Fast
- version: 1.21 W3XP
- replay type: Public
» download(176 KB)
Players
team 1 (loser)
CaptainAsta (
pink | 25 APM | 643 actions | 25:55)
2 Blademaster
1 Wind Walk
1 Critical Strike
» actions
| Basic commands | 2 | |
| Build / train | 74 | |
| Enter build submenu | 22 | |
| Enter hero's abilities submenu | 2 | |
| Remove unit from queue | 14 | |
| Right click | 256 | |
| Select / deselect | 244 | |
| Use ability | 29 | |
643 total
» units
| Peon | 15 | |
| Grunt | 3 | |
| Troll Headhunter/Berserker | 12 | |
| Demolisher | 11 | |
| Tauren | 3 | |
| Shaman | 2 | |
| Troll Witch Doctor | 1 | |
| Spirit Walker | 1 | |
48 total
» upgrades
| Troll Regeneration | 1 | |
| Berserker Strength | 1 | |
| Berserker Upgrade | 1 | |
| Melee Weapons | 2 | |
| Burning Oil | 1 | |
| Pulverize | 1 | |
7 total
» buildings
| Altar of Storms | 1 | |
| Orc Burrow | 9 | |
| Barracks | 2 | |
| Stronghold | 1 | |
| War Mill | 2 | |
| Fortress | 1 | |
| Watch Tower | 4 | |
| Tauren Totem | 1 | |
| Great Hall | 2 | |
| Spirit Lodge | 1 | |
24 total
» build order
00:14 Altar of Storms
00:19 Orc Burrow
01:25 Barracks
02:17 Orc Burrow
03:07 Orc Burrow
05:07 Barracks
05:31 Stronghold
05:41 War Mill
07:59 Fortress
08:35 Watch Tower
08:57 Watch Tower
09:24 Orc Burrow
09:37 War Mill
10:07 Watch Tower
10:41 Orc Burrow
10:57 Orc Burrow
11:22 Watch Tower
12:14 Orc Burrow
15:31 Orc Burrow
16:20 Tauren Totem
17:01 Orc Burrow
18:27 Great Hall
18:35 Great Hall
20:19 Spirit Lodge
DaAlmightyPimp (
blue | 39 APM | 972 actions | 25:10)
4 Crypt Lord
2 Impale
2 Spiked Carapace
» actions
| Assign group hotkey | 19 | |
| Basic commands | 2 | |
| Build / train | 41 | |
| Enter build submenu | 15 | |
| Enter hero's abilities submenu | 4 | |
| Remove unit from queue | 6 | |
| Right click | 496 | |
| Select / deselect | 340 | |
| Select group hotkey | 9 | |
| Use ability | 40 | |
972 total
» units
| Acolyte | 2 | |
| Ghoul | 5 | |
| Crypt Fiend | -1 | |
| Meatwagon | 9 | |
| Gargoyle | 1 | |
| Obsidian Statue | 6 | |
| Abomination | 2 | |
24 total
» upgrades
» buildings
| Altar of Darkness | 1 | |
| Crypt | 1 | |
| Ziggurat | 7 | |
| Graveyard | 1 | |
| Halls of the Dead | 1 | |
| Black Citadel | 1 | |
| Slaughterhouse | 2 | |
| Tomb of Relics | 1 | |
| Spirit Tower | 1 | |
16 total
» build order
00:08 Altar of Darkness
00:14 Crypt
00:21 Ziggurat
00:59 Ziggurat
02:32 Graveyard
03:18 Halls of the Dead
04:05 Ziggurat
06:05 Black Citadel
06:11 Slaughterhouse
07:39 Tomb of Relics
08:04 Slaughterhouse
09:14 Ziggurat
17:06 Spirit Tower
19:05 Ziggurat
19:34 Ziggurat
19:40 Ziggurat
» items
Marv2n (
purple | 69 APM | 1366 actions | 19:44)
3 Demon Hunter
2 Mana Burn
1 Evasion
2 Priestess of the Moon
1 Trueshot Aura
1 Searing Arrows
» actions
| Assign group hotkey | 16 | |
| Basic commands | 10 | |
| Build / train | 56 | |
| Enter build submenu | 15 | |
| Enter hero's abilities submenu | 5 | |
| Give item / drop item | 2 | |
| Remove unit from queue | 1 | |
| Right click | 567 | |
| Select / deselect | 366 | |
| Select group hotkey | 282 | |
| Use ability | 46 | |
1366 total
» units
| Wisp | 18 | |
| Archer | 7 | |
| Glaive Thrower | 4 | |
| Goblin Zeppelin | 1 | |
| Druid of the Claw | 1 | |
31 total
» upgrades
| Strength of the Moon | 1 | |
| Vorpal Blades | 1 | |
| Strength of the Wild | 1 | |
| Druid of the Claw Training | 2 | |
| Abolish Magic | 1 | |
6 total
» buildings
| Altar of Elders | 1 | |
| Moon Well | 6 | |
| Ancient of War | 1 | |
| Ancient of Wonders | 1 | |
| Hunter's Hall | 1 | |
| Tree of Ages | 1 | |
| Tree of Eternity | 1 | |
| Ancient of Lore | 2 | |
| Tree of Life | 3 | |
17 total
» build order
00:03 Altar of Elders
00:18 Moon Well
00:33 Ancient of War
01:28 Moon Well
03:03 Ancient of Wonders
04:02 Hunter's Hall
04:03 Tree of Ages
05:18 Moon Well
06:32 Moon Well
07:58 Tree of Eternity
08:31 Moon Well
10:06 Ancient of Lore
10:09 Ancient of Lore
11:32 Tree of Life
13:03 Moon Well
14:54 Tree of Life
15:43 Tree of Life
» items
| Staff of Preservation | 1 | |
| Potion of Healing | 1 | |
| Dust of Appearance | 2 | |
| Orb of Venom | 1 | |
5 total
Mr.Sodomie (
teal | 64 APM | 1609 actions | 25:03)
4 Mountain King
2 Storm Bolt
2 Bash
2 Archmage
1 Blizzard
1 Brilliance Aura
» actions
| Assign group hotkey | 22 | |
| Basic commands | 20 | |
| Build / train | 75 | |
| ESC pressed | 2 | |
| Enter build submenu | 28 | |
| Enter hero's abilities submenu | 6 | |
| Remove unit from queue | 1 | |
| Right click | 693 | |
| Select / deselect | 311 | |
| Select group hotkey | 386 | |
| Use ability | 65 | |
1609 total
» units
| Peasant | 16 | |
| Rifleman | 7 | |
| Mortar Team | 6 | |
| Flying Machine | 20 | |
| Siege Engine | 2 | |
51 total
» upgrades
| Gunpowder | 2 | |
| Long Rifles | 1 | |
| Lumber Harvesting | 1 | |
| Flare | 1 | |
| Flak Cannons | 1 | |
| Flying Machine Bombs | 1 | |
| Fragmentation Shards | 1 | |
| Barrage | 1 | |
9 total
» buildings
| Altar of Kings | 1 | |
| Farm | 11 | |
| Blacksmith | 1 | |
| Barracks | 2 | |
| Lumber Mill | 1 | |
| Arcane Vault | 1 | |
| Keep | 1 | |
| Workshop | 3 | |
| Town Hall | 3 | |
| Scout Tower | 3 | |
| Castle | 1 | |
| Guard Tower | 1 | |
29 total
» build order
00:16 Altar of Kings
00:21 Farm
00:55 Blacksmith
01:35 Farm
01:53 Barracks
01:58 Barracks
02:24 Farm
02:27 Farm
02:51 Lumber Mill
04:56 Arcane Vault
05:33 Farm
05:35 Farm
05:35 Farm
05:44 Keep
08:32 Workshop
08:33 Workshop
09:04 Farm
09:20 Town Hall
09:49 Farm
11:53 Farm
12:46 Farm
16:09 Scout Tower
16:11 Scout Tower
16:14 Scout Tower
16:42 Castle
17:01 Town Hall
18:16 Town Hall
20:28 Guard Tower
20:49 Workshop
» items
| Scroll of Regeneration | 2 | |
| Lesser Clarity Potion | 1 | |
3 total
team 2 (winner)
DMGilla (
green | 46 APM | 1200 actions | 25:55)
3 Mountain King
2 Storm Bolt
1 Bash
» actions
| Assign group hotkey | 3 | |
| Basic commands | 2 | |
| Build / train | 109 | |
| Enter build submenu | 46 | |
| Enter hero's abilities submenu | 3 | |
| Give item / drop item | 2 | |
| Remove unit from queue | 1 | |
| Right click | 564 | |
| Select / deselect | 328 | |
| Select group hotkey | 51 | |
| Use ability | 91 | |
1200 total
» units
» upgrades
| Masonry | 3 | |
| Lumber Harvesting | 2 | |
| Magic Sentry | 1 | |
| Flare | 1 | |
| Gunpowder | 4 | |
| Armor | 2 | |
| Fragmentation Shards | 1 | |
| Plating | 3 | |
| Swords | 2 | |
| Control Magic | 1 | |
| Priest Training | 2 | |
| Sorceress Training | 2 | |
| Flak Cannons | 1 | |
| Flying Machine Bombs | 2 | |
| Barrage | 2 | |
| Backpack | 1 | |
30 total
» buildings
| Altar of Kings | 1 | |
| Lumber Mill | 3 | |
| Farm | 5 | |
| Scout Tower | 48 | |
| Guard Tower | 41 | |
| Keep | 1 | |
| Arcane Vault | 1 | |
| Blacksmith | 1 | |
| Arcane Sanctum | 1 | |
| Town Hall | 2 | |
| Workshop | 2 | |
| Castle | 1 | |
| Gryphon Aviary | 1 | |
| Barracks | 1 | |
109 total
» build order
00:37 Altar of Kings
00:40 Lumber Mill
00:44 Farm
01:27 Farm
02:00 Scout Tower
02:12 Scout Tower
02:29 Guard Tower
02:32 Scout Tower
02:44 Scout Tower
03:01 Guard Tower
03:07 Lumber Mill
03:15 Guard Tower
03:17 Guard Tower
03:19 Scout Tower
03:23 Scout Tower
03:46 Scout Tower
03:48 Scout Tower
03:50 Guard Tower
03:53 Guard Tower
03:56 Scout Tower
03:57 Scout Tower
03:58 Scout Tower
04:13 Guard Tower
04:25 Guard Tower
04:30 Scout Tower
04:42 Guard Tower
04:47 Scout Tower
04:52 Guard Tower
04:52 Guard Tower
05:00 Guard Tower
05:13 Scout Tower
05:14 Scout Tower
05:15 Scout Tower
05:17 Guard Tower
05:21 Scout Tower
05:21 Scout Tower
05:23 Scout Tower
05:24 Guard Tower
05:31 Scout Tower
05:44 Keep
05:47 Guard Tower
05:49 Guard Tower
06:01 Scout Tower
06:02 Guard Tower
06:11 Guard Tower
06:17 Guard Tower
06:40 Guard Tower
06:44 Arcane Vault
06:47 Guard Tower
06:49 Blacksmith
06:55 Scout Tower
06:56 Guard Tower
07:21 Scout Tower
07:38 Scout Tower
07:40 Guard Tower
07:55 Guard Tower
07:58 Scout Tower
08:00 Scout Tower
08:32 Scout Tower
08:39 Guard Tower
08:43 Scout Tower
08:44 Scout Tower
08:45 Scout Tower
08:45 Scout Tower
08:58 Guard Tower
09:05 Scout Tower
09:06 Scout Tower
09:11 Scout Tower
09:13 Scout Tower
09:14 Scout Tower
09:15 Guard Tower
09:29 Scout Tower
09:42 Guard Tower
10:18 Guard Tower
10:22 Arcane Sanctum
10:36 Scout Tower
11:01 Guard Tower
11:07 Scout Tower
11:08 Scout Tower
11:18 Guard Tower
11:30 Town Hall
11:45 Guard Tower
12:05 Guard Tower
13:22 Workshop
13:25 Workshop
13:30 Farm
13:32 Guard Tower
15:15 Castle
17:38 Scout Tower
17:40 Scout Tower
17:41 Scout Tower
17:43 Scout Tower
18:29 Farm
18:31 Farm
18:42 Guard Tower
18:46 Scout Tower
18:48 Scout Tower
18:49 Scout Tower
18:51 Scout Tower
18:57 Guard Tower
19:21 Guard Tower
19:28 Lumber Mill
19:52 Guard Tower
19:52 Guard Tower
21:55 Guard Tower
23:27 Town Hall
24:40 Gryphon Aviary
24:51 Barracks
» items
| Scroll of Town Portal | 2 | |
| Potion of Mana | 1 | |
| Scroll of Regeneration | 1 | |
| Staff of Sanctuary | 1 | |
| Orb of Fire | 1 | |
6 total
Riceberg-Slim (
orange | 84 APM | 2181 actions | 25:55)
7 Keeper of the Grove
3 Entangling Roots
3 Force of Nature
1 Tranquility
6 Priestess of the Moon
3 Trueshot Aura
2 Searing Arrows
1 Starfall
» actions
| Assign group hotkey | 8 | |
| Basic commands | 119 | |
| Build / train | 69 | |
| Enter build submenu | 20 | |
| Enter hero's abilities submenu | 13 | |
| Right click | 957 | |
| Select / deselect | 271 | |
| Select group hotkey | 661 | |
| Use ability | 63 | |
2181 total
» units
| Wisp | 34 | |
| Hippogryph | 2 | |
| Chimaera | 4 | |
40 total
» upgrades
| Ultravision | 1 | |
| Well Spring | 1 | |
| Strength of the Wild | 3 | |
| Reinforced Hides | 3 | |
| Corrosive Breath | 1 | |
| Nature's Blessing | 1 | |
10 total
» buildings
| Altar of Elders | 1 | |
| Moon Well | 10 | |
| Ancient of Wonders | 2 | |
| Tree of Ages | 1 | |
| Tree of Life | 1 | |
| Hunter's Hall | 2 | |
| Tree of Eternity | 1 | |
| Ancient of Wind | 1 | |
| Chimaera Roost | 3 | |
22 total
» build order
00:10 Altar of Elders
00:23 Moon Well
01:27 Moon Well
02:02 Moon Well
03:35 Ancient of Wonders
04:08 Moon Well
04:29 Ancient of Wonders
05:38 Moon Well
06:09 Tree of Ages
06:33 Moon Well
07:28 Moon Well
08:23 Tree of Life
08:28 Moon Well
09:22 Hunter's Hall
09:50 Hunter's Hall
10:37 Tree of Eternity
10:41 Ancient of Wind
11:21 Moon Well
12:57 Moon Well
13:06 Chimaera Roost
13:47 Chimaera Roost
15:17 Chimaera Roost
» items
| Staff of Sanctuary | 1 | |
| Orb of Fire | 1 | |
2 total
Spiceberg-Slim (
red | 76 APM | 1974 actions | 25:56)
5 Blademaster
3 Wind Walk
2 Critical Strike
» actions
| Assign group hotkey | 103 | |
| Basic commands | 3 | |
| Build / train | 70 | |
| Enter build submenu | 71 | |
| Enter hero's abilities submenu | 5 | |
| Remove unit from queue | 8 | |
| Right click | 891 | |
| Select / deselect | 268 | |
| Select group hotkey | 356 | |
| Use ability | 199 | |
1974 total
» units
» upgrades
| Spiked Barricades | 2 | |
| Liquid Fire | 1 | |
| Ranged Weapons | 3 | |
| Armor | 1 | |
7 total
» buildings
| Altar of Storms | 1 | |
| Orc Burrow | 4 | |
| War Mill | 1 | |
| Watch Tower | 57 | |
| Voodoo Lounge | 3 | |
| Stronghold | 3 | |
| Great Hall | 3 | |
| Fortress | 2 | |
| Beastiary | 2 | |
76 total
» build order
00:02 Altar of Storms
00:11 Orc Burrow
00:39 War Mill
01:52 Watch Tower
02:11 Watch Tower
02:15 Orc Burrow
03:02 Watch Tower
03:04 Watch Tower
03:18 Watch Tower
03:26 Voodoo Lounge
03:29 Watch Tower
03:49 Stronghold
03:50 Stronghold
03:50 Stronghold
04:04 Voodoo Lounge
04:08 Watch Tower
04:16 Watch Tower
04:44 Orc Burrow
05:12 Watch Tower
05:13 Watch Tower
05:16 Watch Tower
05:23 Watch Tower
05:45 Watch Tower
06:20 Great Hall
06:35 Watch Tower
06:52 Watch Tower
07:13 Fortress
07:13 Fortress
07:47 Beastiary
07:59 Beastiary
08:19 Watch Tower
08:39 Orc Burrow
08:44 Watch Tower
11:21 Watch Tower
11:30 Watch Tower
11:31 Watch Tower
11:32 Watch Tower
11:32 Watch Tower
13:40 Watch Tower
15:02 Watch Tower
15:03 Watch Tower
15:05 Watch Tower
17:13 Voodoo Lounge
17:41 Watch Tower
17:41 Watch Tower
17:43 Watch Tower
17:44 Watch Tower
18:51 Great Hall
19:23 Watch Tower
19:30 Watch Tower
19:31 Watch Tower
19:32 Watch Tower
19:34 Watch Tower
21:22 Watch Tower
21:23 Great Hall
21:26 Watch Tower
21:27 Watch Tower
21:28 Watch Tower
21:29 Watch Tower
21:30 Watch Tower
21:31 Watch Tower
21:32 Watch Tower
21:32 Watch Tower
21:59 Watch Tower
21:59 Watch Tower
22:00 Watch Tower
22:02 Watch Tower
23:30 Watch Tower
24:01 Watch Tower
24:02 Watch Tower
24:02 Watch Tower
25:24 Watch Tower
25:28 Watch Tower
25:30 Watch Tower
25:31 Watch Tower
25:32 Watch Tower
» items
| Healing Salve | 3 | |
| Lesser Clarity Potion | 5 | |
| Orb of Lightning | 1 | |
9 total
www.hompy.de (
yellow | 54 APM | 1025 actions | 19:07)
2 Archmage
1 Blizzard
1 Brilliance Aura
1 Paladin
1 Holy Light
» actions
| Assign group hotkey | 4 | |
| Basic commands | 13 | |
| Build / train | 78 | |
| ESC pressed | 1 | |
| Enter build submenu | 63 | |
| Enter hero's abilities submenu | 3 | |
| Give item / drop item | 2 | |
| Right click | 398 | |
| Select / deselect | 171 | |
| Select group hotkey | 138 | |
| Use ability | 154 | |
1025 total
» units
» upgrades
| Masonry | 3 | |
| Lumber Harvesting | 2 | |
| Magic Sentry | 1 | |
| Armor | 1 | |
| Swords | 1 | |
| Cloud | 1 | |
| Storm Hammers | 1 | |
10 total
» buildings
| Altar of Kings | 1 | |
| Lumber Mill | 1 | |
| Farm | 3 | |
| Scout Tower | 92 | |
| Arcane Tower | 1 | |
| Guard Tower | 34 | |
| Town Hall | 1 | |
| Keep | 3 | |
| Arcane Vault | 2 | |
| Castle | 1 | |
| Arcane Sanctum | 1 | |
| Blacksmith | 1 | |
| Gryphon Aviary | 2 | |
143 total
» build order
00:06 Altar of Kings
00:10 Lumber Mill
00:36 Farm
01:14 Scout Tower
01:43 Arcane Tower
01:45 Scout Tower
02:11 Guard Tower
02:12 Scout Tower
02:19 Scout Tower
02:31 Farm
02:39 Farm
02:45 Guard Tower
02:47 Guard Tower
02:56 Scout Tower
02:58 Scout Tower
03:56 Scout Tower
04:13 Scout Tower
04:15 Scout Tower
04:55 Guard Tower
04:57 Scout Tower
04:58 Scout Tower
05:03 Scout Tower
05:04 Scout Tower
05:20 Scout Tower
05:21 Scout Tower
05:22 Scout Tower
05:23 Scout Tower
05:35 Guard Tower
05:44 Scout Tower
05:44 Scout Tower
05:45 Scout Tower
05:46 Scout Tower
05:47 Scout Tower
05:48 Scout Tower
05:49 Scout Tower
05:49 Scout Tower
05:51 Scout Tower
05:51 Scout Tower
05:53 Scout Tower
05:54 Scout Tower
05:58 Guard Tower
06:04 Town Hall
06:10 Guard Tower
06:15 Scout Tower
06:15 Scout Tower
06:18 Scout Tower
06:22 Scout Tower
06:30 Guard Tower
06:32 Scout Tower
06:33 Scout Tower
06:36 Scout Tower
06:37 Scout Tower
06:38 Scout Tower
06:38 Scout Tower
06:44 Guard Tower
06:52 Guard Tower
07:17 Guard Tower
07:26 Scout Tower
07:28 Scout Tower
07:33 Scout Tower
07:34 Scout Tower
07:35 Scout Tower
07:36 Scout Tower
07:46 Guard Tower
08:27 Guard Tower
08:33 Guard Tower
08:41 Keep
08:41 Keep
08:41 Keep
08:44 Guard Tower
09:05 Guard Tower
09:08 Scout Tower
09:09 Scout Tower
09:10 Scout Tower
09:11 Scout Tower
09:23 Scout Tower
09:24 Scout Tower
09:24 Scout Tower
09:27 Scout Tower
09:28 Scout Tower
09:28 Scout Tower
09:29 Scout Tower
09:32 Arcane Vault
09:35 Arcane Vault
10:19 Guard Tower
10:34 Guard Tower
10:37 Guard Tower
10:42 Guard Tower
10:52 Scout Tower
10:53 Scout Tower
10:54 Scout Tower
10:55 Scout Tower
10:56 Scout Tower
10:57 Scout Tower
11:00 Scout Tower
11:10 Guard Tower
11:13 Guard Tower
11:20 Scout Tower
11:21 Scout Tower
11:35 Scout Tower
11:52 Guard Tower
12:00 Guard Tower
12:26 Guard Tower
12:34 Guard Tower
12:50 Guard Tower
13:20 Castle
13:22 Arcane Sanctum
13:24 Blacksmith
13:36 Gryphon Aviary
13:37 Gryphon Aviary
14:27 Scout Tower
14:28 Scout Tower
14:30 Scout Tower
14:30 Scout Tower
15:35 Guard Tower
15:59 Guard Tower
16:15 Scout Tower
16:17 Scout Tower
16:19 Scout Tower
16:23 Scout Tower
16:24 Scout Tower
16:26 Scout Tower
16:36 Scout Tower
16:37 Scout Tower
16:38 Scout Tower
16:39 Scout Tower
16:40 Scout Tower
16:41 Scout Tower
16:41 Scout Tower
16:42 Scout Tower
16:43 Scout Tower
16:44 Scout Tower
16:44 Scout Tower
16:50 Guard Tower
16:52 Scout Tower
17:41 Guard Tower
17:45 Guard Tower
18:16 Guard Tower
18:46 Scout Tower
18:47 Scout Tower
18:47 Scout Tower
18:51 Guard Tower
19:01 Scout Tower
» items
| Potion of Healing | 2 | |
| Staff of Sanctuary | 2 | |
4 total
Chat log
(00:42 / Allies) www.hompy.de: dmg
(00:43 / Allies) www.hompy.de: you got middle
(01:31 / Allies) Riceberg-Slim: ok
(01:41 / Allies) Riceberg-Slim: type wood if you need it, hard to do voices with these weird names
(01:57 / Allies) Spiceberg-Slim: wood
(02:13 / Allies) www.hompy.de: wood
(02:42 / Allies) www.hompy.de: lum
(04:57 / All) DMGilla: u guys excited for christmas
(05:05 / All) DaAlmightyPimp: :DDDDD
(08:35 / Allies) www.hompy.de: wood
(10:23 / Allies) www.hompy.de: wood
(11:54 / Allies) www.hompy.de: weood